 Seeded DCSS version 0.31-a0-1570-g93c622d222 (webtiles) character file.

Game seed: 14095063014967992552 (custom seed)

105 innerfire43 the Cudgeller (level 4, -1/34 HPs)
             Began as a Demonspawn Wanderer on Jan 3, 2024.
             Slain by Terence
             ... wielding a +2 flail of venom
              (8 damage)
             ... on level 3 of the Dungeon.
             The game lasted 00:03:07 (1906 turns).

innerfire43 the Cudgeller (Demonspawn Wanderer)     Turns: 1906, Time: 00:03:08

Health: -1/34      AC:  7    Str: 16    XL:     4   Next: 53%
Magic:  4/4        EV: 11    Int: 12    God:
Gold:   140        SH:  0    Dex: 11    Spells: 3/3 levels left

rFire   . . .        a - +1 flail
rCold   . . .        (no shield)
rNeg    . . .        c - +0 ring mail
rPois   .            (helmet restricted)
rElec   .            (no cloak)
rCorr   .            (no gloves)
SInv    .            e - +1 pair of boots
Will    .....        i - amulet of the acrobat
Stlth   +            (no ring)
HPRegen 0.25/turn    (no ring)
MPRegen 0.09/turn

%: acrobat
@: lethally poisoned (-1 -> -11)
A: horns 1, powered by pain 1
a: no special abilities


You were on level 3 of the Dungeon.
You visited 1 branch of the dungeon, and saw 3 of its levels.

You collected 140 gold pieces.

Inventory:

Hand Weapons
 a - a +1 flail (weapon)
 b - a +0 short sword
Armour
 c - a +0 ring mail (worn)
 e - a +1 pair of boots (worn)
 f - a +0 helmet
Jewellery
 i - an amulet of the acrobat (around neck)
Scrolls
 d - 2 scrolls of fear
 g - a scroll of vulnerability
Potions
 j - a potion of heal wounds


   Skills:
 + Level 2.7 Fighting
 - Level 1.0 Short Blades
 * Level 3.7 Maces & Flails
 + Level 2.4 Armour
 + Level 1.9 Dodging
 - Level 1.0 Stealth


You had 3 spell levels left.
You didn't know any spells.
Your spell library contained the following spells:

 Spells                   Type           Power      Damage    Failure   Level
 Lesser Beckoning         Tloc           0%         N/A       67%         2
 Gell's Gravitas          Tloc           0%         N/A       88%         3
 Teleport Other           Tloc           0%         N/A       88%         3


Dungeon Overview and Level Annotations

Branches:
Dungeon (3/15)

Altars:

Shops:
D:1 [

Annotations:
D:3 Terence


Innate Abilities, Weirdness & Mutations

You have a pair of small horns on your head.
You sometimes gain a little power by taking damage.


Message History

There is a stone staircase leading down here.
As you read the scroll labelled AHUENL ROTHRU JYF, it crumbles to dust.
You feel aware of your surroundings.
It was a scroll of revelation.
Found a scroll labelled QENASA MEITZ.
The air fills with toxic fumes!
As you read the scroll labelled VYITYO HUIMM, it crumbles to dust.
It was a scroll of poison.
As you read the scroll labelled RIRIUGH DEUNTU, it dissolves into smoke.
It was a scroll of fog.
As you read the scroll labelled ASUVOH PIUNATH, it crumbles to dust.
It is a scroll of enchant weapon.
Your +0 flail glows red for a moment.
As you read the scroll labelled KUQOYROIBI, it crumbles to dust.
It is a scroll of identify.
g - a scroll of vulnerability
As you read the scroll of identify, it crumbles to dust.
j - a potion of heal wounds You thump Terence!
Your headbutt misses Terence.
Terence is moderately wounded.
Terence hits you but does no damage.
You are poisoned.
Terence hits you with a +2 flail of venom.
You are more poisoned.
You sock Terence! You headbutt Terence.
Terence is almost dead.
You feel very sick.
Terence hits you with a +2 flail of venom!
You are lethally poisoned!
You hit Terence. Your headbutt misses Terence.
Terence is almost dead.
* * * LOW HITPOINT WARNING * * *
You feel very sick. Terence barely misses you.
You barely miss Terence.
Terence is almost dead.
* * * LOW HITPOINT WARNING * * *
You feel very sick.
Terence hits you with a +2 flail of venom!
You die...
Terence says, "Time to find some more victims."

,.....####.#.##########.# *,**
*####** ##.###########.# *,,, ,*
##.###########.#* **** **
######.##########...* *
######......##########...# *
...........<##########...#*******
............##########.○[.,,,,,*
...........##.°.##........,,,*,**
...........##..○@@...°.☼..,,,,,,,
.).....#...○.☼☼○##.○...☼..,,,*,*,
......#(.○###○°#######☼°.#****,*,
########.####.☼#######....,,,,,*,
#)####..#######..,#******, ****
###.)..☼..#######..,* *, ,,,*
#...).○#.#########.** *, ,*,*
#.####○#.##...?..#.* *,
,*,**#.***#.#.#*,****,*,* *,


You could see Terence.

Vanquished Creatures
  An orc wizard (D:3)
  2 adders (D:2)
  2 dart slugs
  2 orcs (D:3)
  4 endoplasms
  5 giant cockroaches
  3 goblins
  5 hobgoblins
  6 jackals (D:1)
  A quokka (D:3)
  6 ball pythons
  4 bats
  5 frilled lizards
  2 kobolds (D:1)
  5 rats
53 creatures vanquished.

Notes
Turn   | Place    | Note
-------+----------+-------------------------------------------
     0 | D:1      | innerfire43 the Demonspawn Wanderer began the quest for the
                  | Orb.
     0 | D:1      | innerfire43 set off with the following items: a +0 flail, a
                  | +0 short sword, a +0 ring mail, a scroll of fear.
     0 | D:1      | Reached XP level 1. HP: 16/16 MP: 1/1
     0 | D:1      | Noticed a black draconian
     0 | D:1      | Noticed an ice dragon
     1 | D:1      | Noticed a tentacled monstrosity
     7 | D:1      | Noticed an iron dragon
     8 | D:1      | Noticed a shadow dragon
     9 | D:1      | Noticed a green draconian
    11 | D:1      | Noticed a red draconian
    13 | D:1      | Noticed a tentacled monstrosity
    13 | D:1      | Noticed a large abomination
    15 | D:1      | Noticed a shadow dragon
    17 | D:1      | Noticed a tentacled monstrosity
    17 | D:1      | Noticed a shadow dragon
    17 | D:1      | Noticed a green draconian
    19 | D:1      | Noticed a golden dragon
    19 | D:1      | Noticed a shadow dragon
    21 | D:1      | Noticed an orb of fire
   186 | D:1      | Gained mutation: You have a pair of small horns on your
                  | head. [demonic ancestry]
   186 | D:1      | Reached XP level 2. HP: 14/22 MP: 2/2
   191 | D:1      | Reached skill level 3 in Maces & Flails
   377 | D:1      | Found Edebbuoll's Antique Armour Emporium.
   472 | D:1      | Gained mutation: You sometimes gain a little power by
                  | taking damage. [demonic ancestry]
   472 | D:1      | Reached XP level 3. HP: 27/28 MP: 3/3
  1571 | D:2      | Reached XP level 4. HP: 34/34 MP: 4/4
  1886 | D:3      | Noticed Terence
  1906 | D:3      | Slain by Terence

Illustrated notes

Levels and vault maps discovered:
D:1:      shiori_arrival_whats_in_store_for_you, layout_basic, serial_shops,
          shop, minmay_crystal_room, chequers_arboretum,
          amcnicky_mini_corridor_feature, nicolae_the_louvre
D:2:      layout_loops_ring
D:3:      layout_loops_cross, minivault_19, uniq_terence

Skill      XL: |  1  2 |
---------------+-------+-----
Maces & Flails | 3 |  3.7
Armour         | 2 |  2.4
Fighting       | |  2.7
Short Blades   | |  1.0
Dodging        | |  1.9
Stealth        | |  1.0

Action                     |  1- 3 |  4- 6 || total
---------------------------+-------+-------++-------
  Melee: Flail             |   141 |    23 ||   164
         Headbutt          |    10 |     3 ||    13
         Punch             |       |     1 ||     1
    Use: Scroll            |       |     6 ||     6
 Armour: Ring mail         |   116 |    18 ||   134
  Dodge: Dodged            |   105 |    11 ||   116

Table legend: (Time is in decaauts)
 A = Elapsed time spent in this place.
 B = Non-inter-level travel time spent in this place.
 C = Inter-level travel time spent in this place.
 D = Time resting spent in this place.
 E = Time spent auto-exploring this place.
 F = Levels seen in this place.
 G = Mean time per level.
                   A        B        C        D        E       F      G
               +--------+--------+--------+--------+--------+-----+--------+
         Total |   1944 |   1926 |     18 |      0 |   1458 |   3 |  648.0 |
       Dungeon |   1944 |   1926 |     18 |      0 |   1458 |   3 |  648.0 |
               +--------+--------+--------+--------+--------+-----+--------+

Top non-repeatable levels by time:
     D:1: 1077 daAuts
     D:2: 671 daAuts
     D:3: 195 daAuts
